 Dungeon Crawl Stone Soup version 0.30-a0-634-g8abc85282e (webtiles) character file.

Game seed: 14040495392096742921

24545 pokeman the Eclecticist (level 12, -12/66 HPs)
             Began as a Deep Elf Hedge Wizard on Jan 14, 2023.
             Was a High Priest of Vehumet.
             Mangled by a centaur warrior simulacrum (27 damage)
             ... on level 13 of the Dungeon.
             The game lasted 00:36:52 (14504 turns).

pokeman the Eclecticist (Deep Elf Hedge Wizard)    Turns: 14504, Time: 00:36:53

Health: -12/66     AC: 14    Str:  7    XL:     12   Next: 81%
Magic:  31/35      EV: 10    Int: 37    God:    Vehumet [*****.]
Gold:   1238       SH:  0    Dex: 14    Spells: 26/45 levels left

rFire   + . .      SeeInvis +    D - +2 dagger (venom)
rCold   x . .      Faith    .    (no shield)
rNeg    . . .      Spirit   .    e - +2 ring mail {rF+}
rPois   .          Reflect  .    m - +0 helmet
rElec   .          Harm     .    s - +2 cloak {rCorr}
rCorr   +          Rampage  .    G - +0 pair of gloves
Will    +....                    i - +0 pair of boots
Stlth   ++                       Q - amulet of magic regeneration
HPRegen 0.31/turn                L - +6 ring of intelligence
MPRegen 0.64/turn                A - ring of Wosoned {rC- rCorr Int+6 SInv}

@: no status effects
A: no striking features
a: Renounce Religion


You were on level 13 of the Dungeon.
You worshipped Vehumet.
Vehumet was extremely pleased with you.
You visited 2 branches of the dungeon, and saw 14 of its levels.
You also visited: Ossuary.

You collected 1238 gold pieces.

Inventory:

Hand Weapons
 D - a +2 dagger of venom (weapon)
Missiles
 b - a throwing net
 X - 4 curare-tipped darts
Armour
 e - a +2 ring mail of fire resistance (worn)
 f - +0 swamp dragon scales
 i - a +0 pair of boots (worn)
 k - a +0 ring mail of cold resistance
 m - a +0 helmet (worn)
 s - a +2 cloak of preservation (worn)
 G - a +0 pair of gloves (worn)
Jewellery
 A - the ring of Wosoned (right hand) {rC- rCorr Int+6 SInv}
   (You took it off an orc on level 4 of the Dungeon)

   [ring of intelligence]

   Int:       It affects your intelligence (+6).
   rC:        It makes you vulnerable to cold.
   SInv:      It lets you see invisible.
   rCorr:     It protects you from acid and corrosion.
 L - a +6 ring of intelligence (left hand)
 Q - an amulet of magic regeneration (around neck)
Wands
 c - a wand of mindburst (4)
 l - a wand of digging (14)
 o - a wand of quicksilver (8)
 P - a wand of polymorph (8)
Scrolls
 a - a scroll of vulnerability
 g - a scroll of torment {unknown}
 p - 3 scrolls of magic mapping
 u - 2 scrolls of immolation {unknown}
 w - 3 scrolls of enchant armour {unknown}
 x - 2 scrolls of fear {unknown}
 C - 3 scrolls of enchant weapon {unknown}
 J - 5 scrolls of blinking {unknown}
 N - 4 scrolls of teleportation {unknown}
 O - 2 scrolls of poison {unknown}
 R - a scroll of silence {unknown}
Potions
 d - a potion of magic
 q - 5 potions of heal wounds
 t - 6 potions of curing
 v - 3 potions of cancellation
 z - 2 potions of might
 B - 3 potions of resistance {unknown}
 F - 6 potions of degeneration {unknown}
 H - 3 potions of berserk rage {unknown}
 I - 2 potions of ambrosia {unknown}
 K - 2 potions of invisibility
 M - a potion of haste {unknown}
 S - 2 potions of flight {unknown}
 W - 3 potions of lignification {unknown}
 Y - a potion of mutation {unknown}


   Skills:
 - Level 4.0 Fighting
 - Level 4.0 Armour
 - Level 3.0 Dodging
 - Level 3.0 Stealth
 + Level 4.6 Shields
 * Level 17.4 Spellcasting
 + Level 10.3 Conjurations
 + Level 9.8 Summonings
 - Level 1.1 Translocations
 + Level 7.3 Fire Magic
 - Level 1.0 Air Magic
 - Level 1.0 Earth Magic
 - Level 1.2 Poison Magic
 - Level 1.1 Evocations


You had 26 spell levels left.
You knew the following spells:

 Your Spells              Type           Power      Damage    Failure   Level
a - Magic Dart            Conj           100%       1d8       1%          1
b - Mephitic Cloud        Conj/Pois/Air  58%        N/A       1%          3
c - Call Imp              Summ           81%        N/A       1%          2
d - Blink                 Tloc           80%        N/A       3%          2
e - Foxfire               Conj/Fire      100%       2x1d9     1%          1
f - Stone Arrow           Conj/Erth      100%       3d13      1%          3
g - Orb of Destruction    Conj           41%        9d11      11%         7

Your spell library contained the following spells:

 Spells                   Type           Power      Damage    Failure   Level
 Apportation              Tloc           80%        N/A       1%          1
 Sandblast                Erth           78%        2d17      1%          1
 Static Discharge         Conj/Air       100%       2-7/arc   1%          2
 Arcjolt                  Conj/Air       32%        1d42      2%          5
 Lightning Bolt           Conj/Air       32%        1d50      2%          5
 Beastly Appendage        Tmut           64%        N/A       3%          1
 Slow                     Hex            100%       N/A       3%          1
 Cigotuvi's Dreadful Rot  Necr/Pois/Air  74%        N/A       3%          2
 Passwall                 Tmut/Erth      29%        N/A       3%          2
 Ensorcelled Hibernation  Hex/Ice        64%        N/A       4%          2
 Wereblood                Tmut           32%        N/A       4%          2
 Vhi's Electric Charge    Tloc/Air       78%        N/A       6%          3
 Portal Projectile        Hex/Tloc       72%        N/A       8%          3
 Spider Form              Tmut/Pois      36%        N/A       8%          3
 Confusing Touch          Hex            32%        N/A       10%         3
 Tukima's Dance           Hex            32%        N/A       10%         3
 Vampiric Draining        Necr           32%        2d8       10%         3
 Passage of Golubria      Tloc           40%        N/A       21%         4
 Yara's Violent Unravell  Hex/Tmut       16%        3d8       22%         5
 Anguish                  Hex/Necr       16%        N/A       30%         4
 Alistair's Intoxication  Tmut/Pois      24%        N/A       56%         5
 Blade Hands              Tmut           16%        N/A       65%         5


Dungeon Overview and Level Annotations

Branches:
Dungeon (13/15)            Temple (1/1) D:6            Lair (0/5) D:9
    Orc (0/2) D:10        Ossuary (visited)
 Vaults: D:13-14

Altars:
Ashenzari
Cheibriados
Dithmenos
Fedhas
Gozag
Hepliaklqana
Kikubaaqudgha
Makhleb
Nemelex Xobeh
Okawaru
Qazlal
Ru
Trog
Uskayaw
Vehumet
Wu Jian
Xom
Yredelemnul
Zin
The Shining One

Shops:
D:1 (

Portals:
Abyss: D:3

Annotations:
D:3 2 transporters, DeadOnArrival's ghost, amateur GnWn
D:5 1 runed translucent door


Message History

Confirm with . or Enter, or press ? or * to list all spells.
Aiming: Stone Arrow (safe; 1% risk of failure)
Press: ? - help, Shift-Dir - straight line, f/p - skeletal warrior
Aim: a skeletal warrior, wielding a +0 battleaxe (almost destroyed, 78% to hit)
The stone arrow hits the skeletal warrior!!
You destroy the skeletal warrior!
Vehumet accepts your kill.
You start resting.
Magic restored.
You start resting.
HP restored.
g - a scroll labelled LIBBOMNACOG You now have 1238 gold pieces (gained 22).
You see here a +0 battleaxe.
There is a stone staircase leading down here.
You climb downwards.
The centaur warrior simulacrum hits you!
The centaur warrior simulacrum freezes you!!
You feel a terrible chill!
Ouch! That really hurt!
The centaur warrior simulacrum kicks you but does no damage.
There is a stone staircase leading up, spattered with blood here.
Casting: Stone Arrow (safe; 1% risk of failure)
Confirm with . or Enter, or press ? or * to list all spells.
You blink.
The centaur warrior simulacrum hits you but does no damage.
The centaur warrior simulacrum kicks you but does no damage.
Casting: Blink (safe; 3% risk of failure)
Confirm with . or Enter, or press ? or * to list all spells.
Aiming: Stone Arrow (safe; 1% risk of failure)
Press: ? - help, Shift-Dir - straight line, f - centaur warrior simulacrum
Aim: a centaur warrior simulacrum (98% to hit)
The stone arrow hits the centaur warrior simulacrum!!
The centaur warrior simulacrum is severely damaged.
You feel stable enough to blink again.
The centaur warrior simulacrum hits you!
* * * LOW HITPOINT WARNING * * *
The centaur warrior simulacrum freezes you!!
You feel a terrible chill!
You die...

# #.........# ##..8.... ##
#......##.#####.....(.. .##
#########..##.......... ..##
#.............. #..#
##............. ##.##
######### ##.............
###.##
#.....ยง.###.............. #
##.##
##......Z##.............. #
#..## #......@##..............
#
##..####......#...............
#
##..####.....#..............)
# ##..####....#.....>.........
##..####...................
##.......##...............
##.########...............
##.## ##..............
#######..##########...#.#.....


You could see a centaur warrior simulacrum.

Vanquished Creatures
  Josephine (D:10)
  An ogre mage (D:13)
  A centaur warrior (D:13)
  2 boulder beetles
  2 skeletal warriors
  A swamp dragon (D:13)
  2 deep elf pyromancers (D:13)
  2 ugly things
  3 cyclopes
  A manticore (D:11)
  2 gargoyles
  A komodo dragon (D:12)
  6 trolls
  A hornet (D:10)
  18 slime creatures
  3 wyverns
  5 wraiths (D:10)
  2 vampires (D:12)
  23 yaks
  3 hogs (D:8)
  A human (D:8)
  A vampire mosquito (D:13)
  2 acid dragons
  2 water moccasins
  3 ice beasts
  A sky beast (D:7)
  A black bear (D:5)
  3 orc warriors
  3 ogres
  4 centaurs
  3 phantoms
  4 kobold brigands
  3 bullfrogs
  12 scorpions
  4 gnoll sergeants
  4 wights (D:6)
  21 killer bees
  7 howler monkeys
  7 orc priests
  6 iguanas
  9 orc wizards
  8 mummies (Ossuary)
  Robin (D:2)
  21 gnolls
  11 adders
  A shadow imp (D:5)
  A white imp (D:6)
  2 worms (D:3)
  5 dart slugs
  31 orcs
  3 bats
  9 endoplasms
  3 giant cockroaches
  15 goblins
  5 hobgoblins
  9 jackals
  29 kobolds
  3 quokkas
  6 ball pythons
  5 frilled lizards
  A hobgoblin zombie (Ossuary)
  6 kobold zombies (Ossuary)
  An orc zombie (Ossuary)
  4 rats
  3 butterflies (D:5)
364 creatures vanquished.

Vanquished Creatures (collateral kills)
  A scorpion (D:5)
  Crazy Yiuf (D:2)
  A gnoll (D:4)
  2 orcs (D:4)
  A ball python (D:2)
  A goblin (D:2)
  A hobgoblin (D:2)
8 creatures vanquished.

Vanquished Creatures (others)
  A killer bee (D:10)
  503 foxfires
504 creatures vanquished.

Grand Total: 876 creatures vanquished

Notes
Turn   | Place    | Note
-------+----------+-------------------------------------------
     0 | D:1      | pokeman the Deep Elf Hedge Wizard began the quest for the
                  | Orb.
     0 | D:1      | Reached XP level 1. HP: 10/10 MP: 7/7
   192 | D:1      | Reached XP level 2. HP: 12/16 MP: 1/9
   592 | D:1      | Reached skill level 5 in Spellcasting
   809 | D:1      | Reached XP level 3. HP: 20/20 MP: 3/11
   813 | D:1      | Learned a level 3 spell: Mephitic Cloud
   816 | D:1      | Learned a level 2 spell: Call Imp
   819 | D:1      | Learned a level 2 spell: Blink
  1258 | D:1      | Found Zoikug's Weapon Shoppe.
  1380 | D:2      | Reached skill level 1 in Fighting
  1399 | D:2      | Reached skill level 1 in Armour
  1464 | D:2      | Found an opulent altar of Gozag.
  1632 | D:2      | Learned a level 3 spell: Stone Arrow
  1845 | D:2      | Reached XP level 4. HP: 25/25 MP: 9/13
  1949 | D:2      | Noticed Robin
  1961 | D:2      | Killed Robin
  2332 | D:2      | Found a runed translucent door.
  2333 | D:2      | Noticed Crazy Yiuf
  2400 | D:2      | Killed Crazy Yiuf
  2553 | D:3      | Reached skill level 6 in Spellcasting
  2675 | D:3      | Reached XP level 5. HP: 29/29 MP: 10/15
  2741 | D:3      | Found a sacrificial altar of Ru.
  3124 | D:3      | Found a transporter.
  3131 | D:3      | Found a transporter.
  3439 | D:3      | Noticed DeadOnArrival's ghost (amateur GnWn)
  3446 | D:3      | Found a one-way gate to the infinite horrors of the Abyss.
  3708 | D:4      | Reached skill level 1 in Earth Magic
  3827 | D:4      | Reached skill level 1 in Air Magic
  3835 | D:4      | Reached XP level 6. HP: 34/34 MP: 1/17
  3843 | D:4      | Reached skill level 1 in Poison Magic
  3976 | D:4      | Reached skill level 7 in Spellcasting
  3976 | D:4      | Reached skill level 1 in Evocations
  4147 | D:4      | Identified the ring of Wosoned {rC- rCorr Int+6 SInv}
  4260 | D:4      | Reached XP level 7. HP: 38/38 MP: 16/20
  4488 | D:4      | Found a shimmering altar of Xom.
  4830 | D:4      | Reached skill level 8 in Spellcasting
  5025 | D:5      | Entered Level 5 of the Dungeon
  5060 | D:5      | Found a glowing golden altar of the Shining One.
  5097 | D:5      | Reached skill level 9 in Spellcasting
  5097 | D:5      | Reached XP level 8. HP: 37/44 MP: 15/23
  5278 | D:5      | Found a runed translucent door.
  5282 | D:5      | Found a runed translucent door.
  5852 | D:5      | Reached skill level 5 in Conjurations
  5860 | D:5      | Reached skill level 10 in Spellcasting
  6086 | D:6      | Found a staircase to the Ecumenical Temple.
  6147 | Temple   | Entered the Ecumenical Temple
  6274 | Temple   | Became a worshipper of Vehumet
  6300 | D:6      | Reached XP level 9. HP: 48/48 MP: 16/25
  6518 | D:6      | Found a shadowy altar of Dithmenos.
  6620 | D:6      | Reached skill level 11 in Spellcasting
  6620 | D:6      | Reached skill level 5 in Summonings
  6819 | D:6      | Found a bloodstained altar of Trog.
  7132 | D:7      | Found a sand-covered staircase.
  7189 | Ossuary  | Entered an ossuary
  7762 | D:7      | Found a stormy altar of Qazlal.
  7808 | D:7      | Reached skill level 12 in Spellcasting
  7908 | D:7      | Found a broken altar of Ashenzari.
  8360 | D:8      | Reached * piety under Vehumet
  8360 | D:8      | Offered knowledge of Foxfire by Vehumet.
  8366 | D:8      | Learned a level 1 spell: Foxfire
  8435 | D:8      | Reached XP level 10. HP: 54/54 MP: 21/28
  8488 | D:8      | Found a burning altar of Makhleb.
  8668 | D:8      | Reached skill level 1 in Fire Magic
  8699 | D:8      | Reached skill level 13 in Spellcasting
  9373 | D:9      | Reached ** piety under Vehumet
  9373 | D:9      | Offered knowledge of Poisonous Vapours by Vehumet.
  9417 | D:9      | Found an iron altar of Okawaru.
  9668 | D:9      | Offered knowledge of Ignite Poison by Vehumet.
  9872 | D:9      | Found a staircase to the Lair.
 10061 | D:9      | Found an ancient bone altar of Kikubaaqudgha.
 10237 | D:10     | Entered Level 10 of the Dungeon
 10258 | D:10     | Reached *** piety under Vehumet
 10263 | D:10     | Found a staircase to the Orcish Mines.
 10273 | D:10     | Reached skill level 14 in Spellcasting
 10316 | D:10     | Found a basalt altar of Yredelemnul.
 10351 | D:10     | Found a hide-covered altar of Uskayaw.
 10389 | D:10     | Found a hazy altar of Hepliaklqana.
 10536 | D:10     | Found a blossoming altar of Fedhas.
 10556 | D:10     | Noticed Josephine
 10568 | D:10     | Killed Josephine
 10569 | D:10     | Reached XP level 11. HP: 56/61 MP: 24/31
 10595 | D:10     | Reached skill level 1 in Shields
 10791 | D:10     | Offered knowledge of Olgreb's Toxic Radiance by Vehumet.
 11545 | D:11     | Reached skill level 15 in Spellcasting
 11676 | D:11     | Reached **** piety under Vehumet
 11914 | D:12     | Reached skill level 5 in Fire Magic
 12007 | D:12     | Noticed a cyan ugly thing
 12015 | D:12     | Killed a cyan ugly thing
 12087 | D:12     | Noticed a boulder beetle
 12102 | D:12     | Killed a boulder beetle
 12494 | D:12     | Offered knowledge of Lee's Rapid Deconstruction by Vehumet.
 12528 | D:12     | Reached XP level 12. HP: 66/66 MP: 18/33
 12569 | D:12     | Reached skill level 16 in Spellcasting
 12966 | D:13     | Found a faded altar of an unknown god.
 13162 | D:13     | Noticed an ogre mage
 13455 | D:13     | Killed an ogre mage
 13793 | D:13     | Reached skill level 10 in Conjurations
 13868 | D:13     | Noticed a boulder beetle
 13871 | D:13     | Reached skill level 17 in Spellcasting
 13879 | D:13     | Killed a boulder beetle
 14052 | D:13     | Noticed an eight-headed hydra
 14052 | D:13     | Noticed a centaur warrior
 14255 | D:13     | Killed a centaur warrior
 14255 | D:13     | Reached ***** piety under Vehumet
 14255 | D:13     | Offered knowledge of Orb of Destruction by Vehumet.
 14290 | D:12     | Learned a level 7 spell: Orb of Destruction
 14504 | D:13     | Mangled by a centaur warrior simulacrum

Illustrated notes

Levels and vault maps discovered:
D:1:      dpeg_arrival_pits, layout_loops_ring, serial_shops,
          nicolae_shop_crystal, minmay_door_square
D:2:      layout_loops_ring, basic_altar, uniq_crazy_yiuf_cottage, uniq_robin
D:3:      layout_basic, nicolae_ru_sacrificial_ziggurat,
          gammafunk_ghost_abyssal_escape,
          nicolae_concentric_dashed_squares_wild, minmay_misc_feat_hallway,
          item_on_display_a
D:4:      layout_basic, old_standard_altar, grunt_decor_arrowhead
D:5:      lemuel_insect_pit, layout_basic, mainiacjoe_overflow_paths
D:6:      layout_rooms, amcnicky_altar_gilded, trog_butcher_becter,
          temple_pool_b, hangedman_decor_peaks_small, nicolae_zen_rock_garden
D:7:      layout_rooms, general_overflow_altar,
          nicolae_qazlal_general_emergency, nicolae_ossuary_entry_ruins
D:8:      layout_basic, lemuel_doored_altar, chequers_serial_rivers_marsh,
          grunt_livestock
D:9:      lemuel_ice_spiral_2, layout_stronghold, okawaru_trees_1,
          lemuel_tele_altar, lair_entry_dummy
D:10:     layout_basic, mainiacjoe_overflow_six_doors_small,
          mainiacjoe_overflow_surrounded_room, nicolae_overflow_crystal_walls,
          kennysheep_mini_moat, orc_0_dummy, uniq_josephine
D:11:     layout_cave_pools
D:12:     layout_irregular_city
D:13:     minmay_the_grid_4x2 [minmay_the_grid_pillar_ring,
          minmay_the_grid_tiny_cups, minmay_the_grid_diamond_grid,
          minmay_the_grid_large_cup, minmay_the_grid_holed_spiral,
          minmay_the_grid_dragon_b, minmay_the_grid_x,
          minmay_the_grid_prize_big_room], layout_cave_pods,
          serial_column_ruins, column_ruins_temple_circle,
          column_ruins_open_tiny, column_ruins_grid_1, column_ruins_open_tiny,
          column_ruins_grid_1, column_ruins_grid_1, column_ruins_open_tiny_water
Temple:   nicolae_temple_colour_theory

Skill      XL: |  1  2  3  4  5  6  7  8  9 10 11 12 |
---------------+-------------------------------------+-----
Spellcasting   | 5 6 7 9 10 12 14 15 17 | 17.4
Fighting       | 1 2 4 |  4.0
Conjurations   | 2 3 4 5 7 8 9 10 | 10.3
Armour         | 1 3 4 |  4.0
Dodging        | 3 |  3.0
Stealth        | 3 |  3.0
Earth Magic    | 1 |  1.0
Air Magic      | 1 |  1.0
Poison Magic   | 1 |  1.2
Evocations     | 1 |  1.1
Summonings     | 3 4 6 7 8 9 |  9.8
Fire Magic     | 3 5 7 |  7.3
Shields        | 3 4 |  4.6
Translocations | |  1.1

Action                   |  1- 3 |  4- 6 |  7- 9 | 10-12 || total
-------------------------+-------+-------+-------+-------++-------
Melee: Whip              |    24 |    46 |       |       ||    70
       Punch             |       |     2 |       |     1 ||     3
       Quarterstaff      |       |     2 |    16 |       ||    18
       Dagger            |       |       |    90 |    87 ||   177
 Cast: Magic Dart        |    96 |   128 |   168 |     4 ||   396
       Mephitic Cloud    |       |     8 |    20 |    31 ||    59
       Call Imp          |       |     6 |     2 |     1 ||     9
       Stone Arrow       |       |     2 |    42 |   222 ||   266
       Foxfire           |       |       |    15 |   267 ||   282
       Blink             |       |       |       |     3 ||     3
Evoke: Wand              |       |     1 |       |       ||     1
  Use: Scroll            |       |       |       |    10 ||    10
 Stab: Sleeping          |     2 |       |       |       ||     2
       Confused          |       |     7 |     9 |     9 ||    25
Armor: Robe              |     6 |    10 |    33 |       ||    49
       Ring mail         |       |       |       |    96 ||    96
Dodge: Dodged            |    22 |    52 |    86 |    79 ||   239

Table legend: (Time is in decaauts)
 A = Elapsed time spent in this place.
 B = Non-inter-level travel time spent in this place.
 C = Inter-level travel time spent in this place.
 D = Time resting spent in this place.
 E = Time spent auto-exploring this place.
 F = Levels seen in this place.
 G = Mean time per level.
                   A        B        C        D        E       F      G
               +--------+--------+--------+--------+--------+-----+--------+
         Total |  14541 |  13816 |    725 |    795 |  10341 |  15 |  969.4 |
       Dungeon |  13874 |  13165 |    709 |    795 |   9837 |  13 | 1067.2 |
        Temple |    176 |    160 |     16 |      0 |    118 |   1 |  176.0 |
       Ossuary |    490 |    490 |      0 |      0 |    386 |   1 |  490.0 |
               +--------+--------+--------+--------+--------+-----+--------+

Top non-repeatable levels by time:
     D:4: 1472 daAuts
    D:12: 1432 daAuts
     D:1: 1309 daAuts
     D:8: 1257 daAuts
     D:2: 1191 daAuts
    D:13: 1181 daAuts
     D:3: 1061 daAuts
     D:6: 1060 daAuts
     D:9: 1044 daAuts
     D:5: 907 daAuts
    D:10: 754 daAuts
    D:11: 652 daAuts
     D:7: 547 daAuts
 Ossuary: 490 daAuts
  Temple: 176 daAuts
